General information
			
			
        
        - name: goon
 
        - type: Custom game
 
        - host: NADMaN
 
        - saver: NADMaN
 
        
map: Goldshire 
        - players: 6
 
        - length: 13:55
 
        - speed: Fast
 - version: 1.22 W3XP
 - replay type:  Public
 
» download(65 KB)
Players
        team 1 (winner) 
              
              
» 
timG4strok (
teal | 145 APM | 2022 actions | 13:54)
              
 4 Demon Hunter 
 2 Mana Burn
 2 Evasion
 4 Dark Ranger 
 2 Black Arrow
 2 Silence
 1 Pandaren Brewmaster 
 1 Breath of Fire
 
                » actions 
                
                | Assign group hotkey | 22 |  | 
| Basic commands | 61 |  | 
| Build / train | 51 |  | 
| ESC pressed | 1 |  | 
| Enter build submenu | 14 |  | 
| Enter hero's abilities submenu | 10 |  | 
| Right click | 1069 |  | 
| Select / deselect | 237 |  | 
| Select group hotkey | 488 |  | 
| Use ability | 69 |  | 
                2022 total
 » units 
                
                | Wisp | 17 |  | 
| Archer | 5 |  | 
| Dryad | 3 |  | 
| Druid of the Claw | 3 |  | 
                28 total
 » upgrades
                
                | Druid of the Claw Training | 2 |  | 
| Abolish Magic | 1 |  | 
| Well Spring | 1 |  | 
| Nature's Blessing | 1 |  | 
                5 total
 » buildings
                
                | Altar of Elders | 1 |  | 
| Moon Well | 5 |  | 
| Ancient of War | 3 |  | 
| Tree of Ages | 1 |  | 
| Hunter's Hall | 1 |  | 
| Ancient of Lore | 3 |  | 
| Ancient of Wonders | 1 |  | 
| Tree of Eternity | 1 |  | 
                16 total
 » build order
                00:02 Altar of Elders
00:19 Moon Well
00:40 Ancient of War
01:39 Moon Well
03:00 Tree of Ages
03:35 Hunter's Hall
04:19 Moon Well
05:01 Moon Well
06:00 Ancient of Lore
06:00 Ancient of Lore
06:57 Ancient of Lore
07:50 Ancient of Wonders
08:40 Tree of Eternity
11:24 Moon Well
12:18 Ancient of War
12:19 Ancient of War
» items
                
                | Staff of Preservation | 1 |  | 
| Potion of Healing | 1 |  | 
                2 total
  
               team 2 (loser) 
              
              
stiknork (
pink | 130 APM | 1813 actions | 13:53)
              
 3 Archmage 
 2 Summon Water Elemental
 1 Brilliance Aura
 1 Mountain King 
 1 Storm Bolt
 1 Pandaren Brewmaster 
 1 Breath of Fire
 
                » actions 
                
                | Assign group hotkey | 92 |  | 
| Basic commands | 45 |  | 
| Build / train | 52 |  | 
| Enter build submenu | 14 |  | 
| Enter hero's abilities submenu | 5 |  | 
| Remove unit from queue | 1 |  | 
| Right click | 1077 |  | 
| Select / deselect | 392 |  | 
| Select group hotkey | 101 |  | 
| Use ability | 34 |  | 
                1813 total
 » units 
                
                | Peasant | 7 |  | 
| Footman | 18 |  | 
| Rifleman | 2 |  | 
| Siege Engine | 5 |  | 
| Knight | 5 |  | 
                37 total
 » upgrades
                » buildings
                
                | Altar of Kings | 1 |  | 
| Barracks | 1 |  | 
| Farm | 7 |  | 
| Lumber Mill | 1 |  | 
| Scout Tower | 1 |  | 
| Keep | 1 |  | 
| Blacksmith | 1 |  | 
| Arcane Tower | 1 |  | 
| Castle | 1 |  | 
| Workshop | 1 |  | 
                16 total
 » build order
                00:04 Altar of Kings
00:23 Barracks
00:25 Farm
00:32 Farm
01:20 Farm
02:08 Farm
02:30 Lumber Mill
03:00 Scout Tower
03:39 Keep
03:40 Blacksmith
03:47 Arcane Tower
05:03 Farm
06:02 Castle
07:34 Workshop
07:38 Farm
08:46 Farm
 
               observersNADMaN, 
MeTro, 
Alexandr, 
ghostfacephilip Chat log
          (00:09 / Observers) NADMaN: Listchecker was broken
(00:11 / All) stiknork: last time i played this map i did that thing
(00:14 / Observers) NADMaN: i got the fixed .exe
(00:16 / All) timG4strok: that thing
(00:17 / Observers) Alexandr: How do you fast forward
(00:30 / All) stiknork: it's a noob thing
(00:33 / All) timG4strok: yeah
(00:37 / All) timG4strok: i do it a lot
(00:37 / Observers) Alexandr: I've done that before. :(
(00:39 / Observers) NADMaN: http://aonxe.com/wp-content/uploads/2008/07/pickuplistchecker.zip
(00:42 / Observers) NADMaN: if you want it
(00:47 / Observers) NADMaN: if any of you host lc...
(00:59 / Observers) NADMaN: just replace the 1.21 .exe with that one
(01:01 / Observers) ghostfacephilip: if you can't host normally you can't host lc right
(01:07 / Observers) NADMaN: correct
(01:15 / Observers) NADMaN: it still goes through teh battle.net listing
(01:21 / Observers) NADMaN: which means you need 6112 open
(01:22 / All) timG4strok: man
(01:26 / All) timG4strok: this game
(01:28 / Observers) ghostfacephilip: i see
(01:29 / Observers) NADMaN: but then once they're connected it doesnt matter
(01:30 / All) timG4strok: this      game
(01:34 / All) stiknork: this_game
(01:43 / Observers) NADMaN: lollin
(01:50 / Observers) Alexandr: Man, this sucks. My toe got crushed yesterday and I accidentally stabbed my finger busting apart the Age of Mythology The Board
(01:51 / Observers) NADMaN: if he chops
(01:53 / Observers) Alexandr: The Board Game pieces
(01:57 / Observers) Alexandr: :(
(01:59 / Observers) ghostfacephilip: that's sad
(02:09 / Observers) NADMaN: also why did he scout that goldmine...
(02:23 / Observers) ghostfacephilip: gotta keep your eye on those guys
(02:35 / Observers) ghostfacephilip: they're shifty
(02:36 / Observers) NADMaN: creeepjca
(03:11 / All) timG4strok: fuck creeps
(03:13 / Observers) NADMaN: eheh
(03:15 / Observers) NADMaN: creeps stole his xp
(03:20 / All) stiknork: nooo
(03:20 / Observers) NADMaN: OH DAMN
(03:24 / Observers) Alexandr: Timg being all dicky
(03:28 / All) timG4strok: fuck that
(03:29 / Observers) NADMaN: Well it's what you do
(03:29 / Observers) Alexandr: What's he think he is, playing Orc?
(03:33 / Observers) NADMaN: hes just fast teching
(03:45 / Observers) NADMaN: if he gets bears first
(03:46 / Observers) NADMaN: gg
(03:52 / Observers) Alexandr: Haha, yeah.
(04:07 / All) stiknork: man i have no mana bro
(04:08 / All) stiknork: wth
(04:09 / Observers) NADMaN: though knights might make a good counter nowadays
(04:40 / Observers) Alexandr: I want to see Immo DH come back in pro games.
(04:45 / Observers) Alexandr: Too much fucking mana burn/evasion
(04:46 / Observers) NADMaN: You never will
(04:54 / Observers) Alexandr: Immo is pro
(04:59 / Observers) NADMaN: not really
(05:07 / Observers) NADMaN: it was great in roc when everyone ghoul/footmen rushed
(05:18 / Observers) Alexandr: Yeah, I miss those days. Wand of Negation or gg
(05:20 / Observers) NADMaN: Oh shittttttt
(05:33 / Observers) NADMaN: lollll
(05:40 / Observers) Alexandr: See, right there woulda been pro immo territory
(05:40 / Observers) ghostfacephilip: silllly
(05:43 / Observers) NADMaN: well
(05:45 / All) timG4strok: fuyck
(05:45 / All) timG4strok: fuck
(05:46 / All) timG4strok: fuck
(05:47 / Observers) NADMaN: not as good as manaburn
(05:47 / Observers) ghostfacephilip: more so than burn?
(05:55 / All) timG4strok: wrong hero
(06:04 / Observers) NADMaN: you also have to realize
(06:07 / Observers) NADMaN: that manaburn does damage
(06:12 / Observers) Alexandr: It does.
(06:16 / Observers) Alexandr: But not to footmen/
(06:45 / Observers) NADMaN: it sounds :rolleye: but 150 damage is pretty nice considering it also fucks over their casting ability
(06:54 / Observers) Alexandr: No, I know.
(06:56 / Observers) NADMaN: and with heroes like MK/panda about to wreck your NE shit..
(07:02 / Observers) Alexandr: I know why it's all about the Mana Burn.
(07:08 / Observers) Alexandr: I just miss the days when shit got mixed up
(07:17 / Observers) Alexandr: Instead of it always being BM/SH, it was FS/TC
(07:32 / Observers) Alexandr: NEs used to always get tavern heroes, usually Beastmaster
(07:34 / Observers) Alexandr: That was laffo
(07:47 / Observers) ghostfacephilip: or dark ranger
(08:03 / Observers) ghostfacephilip: still though...no immo :p
(08:18 / Observers) Alexandr: Remember the age of the PotM?
(08:23 / Observers) NADMaN: Yeah... roc
(08:25 / Observers) Alexandr: ALWAYS Priestess no exceptions
(08:30 / Observers) ghostfacephilip: teh
(08:32 / Observers) Alexandr: That aura was huge
(08:38 / Observers) ghostfacephilip: i dont remember roc
(08:46 / Observers) Alexandr: In fact, whatever happened to aura stacking.
(08:55 / Observers) Alexandr: People used to get Vamp Aura all the time
(09:04 / Observers) Alexandr: Dreadlord is so undervalued now :(
(09:10 / Observers) ghostfacephilip: does dispel work against stun
(09:15 / Observers) Alexandr: No.
(09:17 / Observers) NADMaN: Dreadlord is awesome lategame
(09:21 / Observers) NADMaN: cause sleep never gets useless
(09:33 / All) stiknork: oh fuck
(09:36 / All) stiknork: i ahve no idea where these
(09:39 / Observers) Alexandr: Agreed, but he does well with Carrion Swarm, too.
(09:44 / Observers) NADMaN: i mean it's not like a 100 damage bof lategame
(09:48 / Observers) Alexandr: Vamp Aura or no, he's a decent hero. I don't get the Lich love.
(09:52 / Observers) NADMaN: nova
(09:58 / Observers) NADMaN: shores up so many problems ne has
(10:04 / Observers) Alexandr: Well, yes, but is it so imperative to have him?
(10:04 / Observers) NADMaN: err ud
(10:06 / Observers) NADMaN: yes
(10:07 / All) timG4strok: i double clicked my tp
(10:08 / Observers) NADMaN: it us
(10:12 / Observers) NADMaN: otherwise mass footmen
(10:13 / Observers) Alexandr: Hmm, interesting.
(10:16 / Observers) NADMaN: would beat ne almost every time
(10:22 / Observers) Alexandr: You mean UD
(10:26 / Observers) NADMaN: yeah
(10:27 / Observers) NADMaN: w/e
(10:30 / Observers) Alexandr: But Carrion Swarm does the same thing against Footies.
(10:37 / Observers) NADMaN: yeah but it doesnt slow
(10:41 / Observers) Alexandr: True enough.
(10:44 / Observers) NADMaN: also swarm has a damage cap of like 1000/1500/2000
(10:46 / Observers) NADMaN: which is retarded
(11:16 / Observers) NADMaN: tanks........
(11:27 / Observers) Alexandr: Killdozers.
(11:52 / All) stiknork: why you don't rally to your hero 101
(11:54 / Observers) NADMaN: knights are actually a good hero
(11:58 / Observers) NADMaN: fuck unit
(12:13 / Observers) Alexandr: Haha, I just tried to pause the game.
(12:19 / Observers) NADMaN: unallowed
(12:20 / Observers) Alexandr: Pause does not pause in realtime :(
(12:36 / Observers) NADMaN: get the knights
(12:46 / Observers) Alexandr: The always-on health bars is useful
(12:57 / Observers) NADMaN: im so used to holding down alt
(13:10 / Observers) NADMaN: lollll
(13:52 / All) stiknork: gg